 Dungeon Crawl Stone Soup version 0.14.2 (webtiles) character file.

123 Amnesiac the Charlatan (level 3, 0/18 HPs)
             Began as a Spriggan Artificer on Feb 4, 2018.
             Slain by a kobold
             ... wielding a +0,+0 short sword
              (6 damage)
             ... on Level 2 of the Dungeon.
             The game lasted 00:02:22 (2050 turns).

Amnesiac the Charlatan (Spriggan Artificer)         Turns: 2050, Time: 00:02:22

HP   0/18        AC  2     Str  7      XL: 3   Next: 51%
MP   8/8         EV 19     Int 13      God:
Gold 74          SH  0     Dex 17      Spells:  0 memorised,  2 levels left

rFire  . . .     SeeInvis +     u - +2,+0 dagger (pain)
rCold  . . .     Clarity  .     e - +0 robe
rNeg   . . .     Conserve .     (shield restricted)
rPois  .         rCorr    .     (helmet restricted)
rElec  .         rRot     .     (no cloak)
SustAb . .       Spirit   .     (gloves unavailable)
rMut   .         Warding  .     (boots unavailable)
Saprov . . .     Stasis   .     (no amulet)
MR     .....                    (no ring)
                                t - cursed ring of hunger

@: very quick, not resistant to hostile enchantments, fairly stealthy
A: unfitting armour, see invisible, herbivore 3, speed 3, slow metabolism 2
a: no special abilities


You were on level 2 of the Dungeon.
You were full.

You visited 1 branch of the dungeon, and saw 2 of its levels.

You collected 74 gold pieces.

Inventory:

Hand weapons
 a - a +0,+0 short sword
 b - a +0,+0 sling
 u - a +2,+0 dagger of pain (weapon)
Missiles
 h - 15 darts (quivered)
 r - 5 silver darts
Armour
 e - a +0 robe (worn)
Magical devices
 c - a wand of enslavement (14)
 d - a wand of random effects (15)
 k - a wand of flame (3)
Scrolls
 i - 3 scrolls of enchant armour {!r, unknown}
 j - a scroll of remove curse {!r, unknown}
 l - a scroll of fear {!r, unknown}
 m - a scroll of immolation {!r, unknown}
 n - a scroll of noise {!r, unknown}
 p - a scroll of identify {!r, unknown}
 q - 2 scrolls of teleportation {!r, unknown}
Jewellery
 t - a cursed ring of hunger (left hand)
Potions
 g - 2 potions of mutation {!q, unknown}
 o - a potion of curing {!q, unknown}
 s - 2 potions of invisibility {!q, unknown}


   Skills:
 - Level 1.0 Fighting
 + Level 1.3 Short Blades
 - Level 4.1 Dodging
 - Level 1.5 Stealth
 - Level 5.4 Evocations


You had 2 spell levels left.
You didn't know any spells.

Dungeon Overview and Level Annotations

Branches:
Dungeon (2/15)

Altars:


Innate Abilities, Weirdness & Mutations

You are tiny and cannot use many weapons and most armour.
You have supernaturally acute eyesight.
You are a herbivore.
You cover ground extremely quickly.
You need consume almost no food.


Message History

A kobold comes into view. It is wielding a short sword.
You hit the hobgoblin but do no damage. You closely miss the hobgoblin.
The hobgoblin completely misses you.
You hit the hobgoblin but do no damage. The hobgoblin closely misses you.
You hit the hobgoblin.
The hobgoblin is heavily wounded.
The hobgoblin hits you but does no damage.
You completely miss the hobgoblin.
The hobgoblin is heavily wounded.
The hobgoblin hits you with a club.
* * * LOW HITPOINT WARNING * * *
Drink which item? (? for menu, Esc to quit)
Really quaff
f - a potion of porridge {!q}?
That potion was really gluggy!
You hit the hobgoblin but do no damage.
The hobgoblin is heavily wounded.
The hobgoblin misses you.
You hit the hobgoblin but do no damage.
The hobgoblin is heavily wounded.
The hobgoblin barely misses you.
You hit the hobgoblin.
The hobgoblin is severely wounded.
The hobgoblin closely misses you.
You hit the hobgoblin but do no damage.
The hobgoblin is severely wounded.
The hobgoblin completely misses you.
You hit the hobgoblin.
You kill the hobgoblin!
You closely miss the hobgoblin. The hobgoblin misses you.
You completely miss the hobgoblin. The hobgoblin closely misses you.
You hit the hobgoblin.
The hobgoblin is lightly wounded.
The hobgoblin completely misses you.
You barely miss the hobgoblin.
The hobgoblin is lightly wounded.
The hobgoblin barely misses you.
You barely miss the hobgoblin.
The hobgoblin is lightly wounded.
The hobgoblin misses you.
You hit the hobgoblin.
The hobgoblin is heavily wounded.
The hobgoblin hits you.
* * * LOW HITPOINT WARNING * * *
You closely miss the hobgoblin.
The hobgoblin is heavily wounded.
The hobgoblin barely misses you.
You closely miss the hobgoblin.
The hobgoblin is heavily wounded.
The hobgoblin barely misses you.
You hit the hobgoblin but do no damage.
The hobgoblin is heavily wounded.
The hobgoblin closely misses you.
You hit the hobgoblin.
You kill the hobgoblin!
You hit the kobold but do no damage. You hit the kobold but do no damage.
The kobold closely misses you.
Evoke which item? (* to show all) (? for menu, Esc to quit)
Zapping:
k - a wand of flame (4)
Press: ? - help, Shift-Dir - straight line, f - kobold
Aim: a kobold, wielding a short sword The puff of flame hits the kobold.
The kobold is moderately wounded.
This wand has 3 charges left.
The kobold hits you with a short sword.
You die...

#####.#
#.....#
#.#####
#.# #.#
#.#
#.####
#....#
####@#
#K# #g#
#%# #.#
#.# ...
#.# #.#


You could see a hobgoblin and a kobold.

Vanquished Creatures
  An adder (D:1)
  2 giant geckos (D:1)
  2 orcs
  6 bats (D:1)
  A giant cockroach (D:1)
  7 hobgoblins
  A ball python (D:2)
  A giant newt (D:2)
  7 goblins
  4 kobolds (D:1)
  2 rats (D:1)
34 creatures vanquished.

Vanquished Creatures (collateral kills)
  A goblin (D:1)
1 creature vanquished.

Grand Total: 35 creatures vanquished

Notes
Turn   | Place    | Note
--------------------------------------------------------------
     0 | D:1      | Amnesiac, the Spriggan Artificer, began the quest for the Orb.
     0 | D:1      | Reached XP level 1. HP: 9/9 MP: 2/2
    47 | D:1      | Reached skill level 1 in Fighting
   521 | D:1      | Reached XP level 2. HP: 9/14 MP: 5/5
  1220 | D:1      | Reached skill level 5 in Evocations
  1220 | D:1      | Reached XP level 3. HP: 7/18 MP: 8/8
  2050 | D:2      | Slain by a kobold

Action                   || total
-------------------------++-------
Melee: Short sword       ||   103
       Dagger            ||    26
Throw: Dart              ||    19
Evoke: Wand              ||    13
  Use: Potion            ||     1
 Stab: Sleeping          ||     5
